 Dungeon Crawl Stone Soup version 0.30.0-29-ga12c61a403 (webtiles) character file.

Game seed: 173925025681770129

531 javelincjr the Caller (level 7, -2/32 (48) HPs)
             Began as a Demonspawn Summoner on June 20, 2023.
             Slain by Edmund
             ... wielding a +1 flail of draining
              (4 damage)
             ... on level 4 of the Dungeon.
             The game lasted 00:27:04 (3775 turns).

javelincjr the Caller (Demonspawn Summoner)         Turns: 3775, Time: 00:27:04

HP:   -2/32 (48)    AC: 12    Str:  9    XL:     7   Next: 3%
MP:   1/12          EV: 13    Int: 18    God:
Gold: 188           SH:  0    Dex: 13    Spells: 7/13 levels left

rFire   x . .        i - +0 dagger (protect)
rCold   + . .        (no shield)
rNeg    . . .        a - +0 robe
rPois   .            t - +0 helmet
rElec   .            (no cloak)
rCorr   .            (no gloves)
SInv    .            (no boots)
Will    .....        (no amulet)
Stlth   ++           n - ring of ice
HPRegen 0.25/turn    (no ring)
MPRegen 0.13/turn

%: no passive effects
@: under a protective aura, very heavily drained
A: hooves 1, rugged brown scales 2, ignite blood 1, powered by death 1
a: no special abilities


You were on level 4 of the Dungeon.
You visited 1 branch of the dungeon, and saw 5 of its levels.

You collected 188 gold pieces.

Inventory:

Hand Weapons
 c - a +0 hand axe
 i - a +0 dagger of protection (weapon)
 v - a +0 dagger of venom
Armour
 a - a +0 robe (worn)
 t - a +0 helmet (worn)
Magical Staves
 k - a staff of conjuration
Jewellery
 n - a ring of ice (left hand)
Scrolls
 d - a scroll of torment {unknown}
 g - 4 scrolls of teleportation {unknown}
 h - a scroll of identify {unknown}
 j - a scroll of noise {unknown}
 m - 2 scrolls of immolation {unknown}
 p - a scroll of poison {unknown}
 q - 2 scrolls of amnesia {unknown}
 r - 2 scrolls of blinking {unknown}
 s - a scroll of fear {unknown}
 x - a scroll of brand weapon {unknown}
 y - 2 scrolls of magic mapping {unknown}
Potions
 b - a potion of magic
 e - a potion of might {unknown}
 f - 2 potions of brilliance {unknown}
 l - 4 potions of curing {unknown}
 o - a potion of berserk rage {unknown}
 u - 2 potions of lignification {unknown}
 w - 2 potions of flight {unknown}


   Skills:
 + Level 3.7 Dodging
 + Level 4.0 Stealth
 + Level 3.9 Spellcasting
 + Level 5.4 Summonings


You had 7 spell levels left.
You knew the following spells:

 Your Spells              Type           Power      Damage    Failure   Level
a - Summon Small Mammal   Summ           92%        N/A       1%          1
b - Call Imp              Summ           46%        N/A       2%          2
c - Call Canine Familiar  Summ           23%        N/A       4%          3

Your spell library contained the following spells:

 Spells                   Type           Power      Damage    Failure   Level
 Summon Guardian Golem    Hex/Summ       13%        N/A       14%         3
 Sandblast                Erth           6%         2d5       16%         1
 Passwall                 Tmut/Erth      2%         N/A       22%         2
 Stone Arrow              Conj/Erth      6%         3d7       41%         3
 Summon Lightning Spire   Summ/Air       13%        N/A       43%         4
 Orb of Destruction       Conj           1%         9d5       100%        7
 Spellforged Servitor     Conj/Summ      6%         N/A       100%        7


Dungeon Overview and Level Annotations

Branches:
Dungeon (5/15)
 Temple: D:4-7

Altars:
Ashenzari
Okawaru

Annotations:
D:4 Edmund
D:5 Ijyb, Pikel


Innate Abilities, Weirdness & Mutations

You have large cloven feet.
You are mostly covered in rugged brown scales. (AC +2, +5% HP)
Your demonic aura sometimes causes spilled blood to erupt in flames.
You regenerate a little health from kills.


Message History

Edmund attacks as you move away! Edmund barely misses you.
The worm closely misses you.
You barely miss the worm. You kick the worm.
The worm is lightly wounded.
Casting: Call Imp (safe; 2% risk of failure)
Confirm with . or Enter, or press ? or * to list all spells.
A tiny devil pulls itself out of the air.
Edmund hits your cerulean imp with a +1 flail of draining.
The worm closely misses you.
You hit the worm.
The worm is moderately wounded.
Edmund barely misses your cerulean imp. The worm misses you.
Your cerulean imp closely misses Edmund.
You barely miss the worm. Your kick misses the worm.
The worm is moderately wounded.
Edmund hits your cerulean imp with a +1 flail of draining!
Your cerulean imp dies!
Your cerulean imp disappears in a puff of smoke!
You barely miss the worm. You kick the worm, but do no damage.
The worm is moderately wounded.
The worm bites you but does no damage.
You barely miss Edmund. Your kick misses Edmund.
Edmund is severely wounded.
Edmund barely misses you.
You hit Edmund.
Edmund is severely wounded.
Edmund hits you but does no damage.
You feel drained. The worm bites you but does no damage.
You hit Edmund but do no damage. Your kick misses Edmund.
Edmund is severely wounded.
Edmund hits you but does no damage.
You feel drained. The worm bites you!
You hit Edmund but do no damage.
Edmund is severely wounded.
Edmund completely misses you.
You closely miss Edmund. You kick Edmund, but do no damage.
Edmund is severely wounded.
Edmund hits you with a +1 flail of draining!
* * * LOW HITPOINT WARNING * * *
You feel drained.
You die...

#.# #.#
#......
# #.#
#|#
##....##
#.# #.#
#.# #.#
#.# #.#
#.# #.#
#.# #.#
##.###@#
#....w@#
########


You could see Edmund and a worm.

Vanquished Creatures
  A crimson imp (D:5)
  A jelly (D:1)
  An orc priest (D:5)
  2 iguanas
  Terence (D:3)
  3 gnolls (D:5)
  3 adders
  2 endoplasms (D:1)
  3 hobgoblins
  2 jackals (D:3)
  2 kobolds (D:1)
  5 ball pythons
  2 bats
  A frilled lizard (D:1)
  5 goblins
  8 rats (D:1)
42 creatures vanquished.

Vanquished Creatures (collateral kills)
  An ice beast (D:5)
  A hound (D:5)
  An iguana (D:5)
  5 gnolls (D:5)
  An adder (D:2)
  2 worms (D:3)
  2 dart slugs
  4 orcs (D:5)
  5 bats
  7 endoplasms
  6 giant cockroaches
  3 hobgoblins
  4 jackals (D:3)
  3 kobolds
  5 quokkas
  2 ball pythons
  2 frilled lizards
  4 rats
58 creatures vanquished.

Grand Total: 100 creatures vanquished

Notes
Turn   | Place    | Note
-------+----------+-------------------------------------------
     0 | D:1      | javelincjr the Demonspawn Summoner began the quest for the
                  | Orb.
     0 | D:1      | Reached XP level 1. HP: 13/13 MP: 3/3
     1 | D:1      | Found a runed translucent door.
     2 | D:1      | Noticed a jelly
   301 | D:1      | Gained mutation: You have large cloven feet. [demonic
                  | ancestry]
   301 | D:1      | Reached XP level 2. HP: 5/19 MP: 0/5
   834 | D:1      | Found a faded altar of an unknown god.
  1024 | D:1      | Gained mutation: You are partially covered in rugged brown
                  | scales. (AC +1, +3% HP) [demonic ancestry]
  1024 | D:1      | Reached XP level 3. HP: 19/24 MP: 4/6
  1066 | D:1      | Learned a level 2 spell: Call Imp
  1258 | D:1      | Gained mutation: You regenerate a little health from kills.
                  | [demonic ancestry]
  1258 | D:1      | Reached XP level 4. HP: 16/30 MP: 3/7
  1764 | D:2      | Learned a level 3 spell: Call Canine Familiar
  2211 | D:3      | Found an iron altar of Okawaru.
  2293 | D:3      | Gained mutation: Your demonic aura sometimes causes spilled
                  | blood to erupt in flames. [demonic ancestry]
  2293 | D:3      | Reached XP level 5. HP: 36/36 MP: 6/9
  2325 | D:3      | Found a broken altar of Ashenzari.
  2417 | D:3      | Noticed Terence
  2438 | D:3      | Killed Terence
  3133 | D:4      | You fall into a shaft and drop 1 floor!
  3133 | D:5      | Entered Level 5 of the Dungeon
  3233 | D:5      | Reached skill level 5 in Summonings
  3233 | D:5      | Gained mutation: You are mostly covered in rugged brown
                  | scales. (AC +2, +5% HP) [demonic ancestry]
  3233 | D:5      | Reached XP level 6. HP: 26/43 MP: 7/11
  3564 | D:5      | Noticed an ice beast
  3580 | D:5      | Killed an ice beast
  3581 | D:5      | Reached XP level 7. HP: 48/48 MP: 1/12
  3640 | D:5      | Noticed Ijyb
  3640 | D:5      | Noticed Pikel
  3676 | D:4      | Noticed Edmund
  3775 | D:4      | Slain by Edmund

Illustrated notes

Levels and vault maps discovered:
D:1:      dpeg_arrival_caged_fury, layout_loops_ring,
          ebering_ecumenical_altar_webs
D:2:      layout_basic
D:3:      layout_basic, okawaru_trees_2, nicolae_ashenzari_skybound,
          uniq_terence
D:4:      layout_basic, kennysheep_mini_moat,
          nicolae_wu_jian_immortal_techniques,
          mainiacjoe_overflow_small_starburst, minmay_temple_entry_hall,
          uniq_blork_the_orc, uniq_edmund
D:5:      layout_loops_ring, minmay_fire_ice_demons, uniq_sigmund, uniq_ijyb,
          uniq_pikel

Skill      XL: |  1  2  3  4  5  6 |
---------------+-------------------+-----
Dodging        | 2 3 |  3.7
Stealth        | 2 3 4 |  4.0
Spellcasting   | 3 |  3.9
Summonings     | 5 |  5.4

Action                     |  1- 3 |  4- 6 |  7- 9 || total
---------------------------+-------+-------+-------++-------
  Melee: Hand axe          |    42 |       |       ||    42
         Unarmed           |    12 |       |       ||    12
         Kick              |     8 |    39 |     7 ||    54
         Dagger            |    24 |   161 |    27 ||   212
         Punch             |       |     3 |       ||     3
   Cast: Summon Small Mamm |    44 |    16 |     1 ||    61
         Call Imp          |     3 |    24 |     9 ||    36
         Call Canine Famil |       |    18 |     1 ||    19
   Stab: Sleeping          |     1 |     1 |       ||     2
         Distracted        |       |     1 |       ||     1
 Armour: Robe              |    21 |    51 |    11 ||    83
  Dodge: Dodged            |    58 |   118 |    21 ||   197
